 Dungeon Crawl Stone Soup version 0.18.1-8-gdd0e5ea (webtiles) character file.

2921 Flavorfulsole the Grappler (level 9, -6/80 HPs)
             Began as a Troll Monk on May 29, 2016.
             Was an Elder of Okawaru.
             Mangled by an orc warrior
             ... wielding a +2 mace of holy wrath
              (13 damage)
             ... on level 9 of the Dungeon.
             The game lasted 00:23:17 (6191 turns).

Flavorfulsole the Grappler (Troll Monk)             Turns: 6191, Time: 00:23:18

Health: -6/80      AC:  7    Str: 24    XL:     9   Next: 50%
Magic:  7/8        EV: 11    Int:  4    God:    Okawaru [****..]
Gold:   372        SH:  0    Dex: 10    Spells: 0 memorised, 8 levels left

rFire  . . .     SeeInvis .       - Unarmed
rCold  + + .     Gourm    +     a - +2 robe
rNeg   + . .     Faith    .     (no shield)
rPois  .         Spirit   .     (helmet restricted)
rElec  .         Dismiss  .     (no cloak)
rCorr  .         Reflect  .     (gloves unavailable)
SustAt .         Harm     .     (boots unavailable)
MR     .....                    m - amulet of regeneration
Stlth  +.........               i - +3 ring of slaying
                                e - ring of positive energy

@: flying, not resistant to hostile enchantments, very unstealthy
A: unfitting armour, claws 3, clumsy 1, cold resistance 2, dopey 1, fast
metabolism 3, gourmand, regeneration 2, shaggy fur 1, tough skin 2, no device
heal 1, MP-powered wands, sturdy frame 1
a: Heroism, Renounce Religion


You were on level 9 of the Dungeon.
You worshipped Okawaru.
Okawaru was greatly pleased with you.
You were very hungry.

You visited 2 branches of the dungeon, and saw 9 of its levels.

You collected 372 gold pieces.

Inventory:

Armour
 a - a +2 robe (worn)
 l - a cursed +0 robe
Jewellery
 c - a +4 amulet of reflection
 e - a ring of positive energy (left claw)
 i - a +3 ring of slaying (right claw)
 m - an amulet of regeneration (around neck)
Wands
 h - a wand of acid (4/15)
 j - a wand of acid (8/15)
 p - a wand of flame (17/48)
 q - a wand of slowing (20/48)
Scrolls
 d - a scroll of remove curse
 f - 3 scrolls of magic mapping
 g - 8 scrolls of identify
 n - 3 scrolls of teleportation
 s - a scroll of enchant armour
Potions
 k - 2 potions of flight
 o - a potion of agility
Books
 u - a book of Conjurations

   Spells                             Type                      Level
   a - Magic Dart                     Conjuration                  1
   b - Searing Ray                    Conjuration                  2
   c - Dazzling Spray                 Conjuration/Hexes            3
   d - Fulminant Prism                Conjuration/Hexes            4
   e - Iskenderun's Mystic Blast      Conjuration                  4
   f - Iskenderun's Battlesphere      Conjuration/Charms           5
Comestibles
 b - 4 bread rations
 r - 3 fruits


   Skills:
 - Level 2.7 Fighting
 - Level 4.1 Dodging
 - Level 1.3 Stealth
 + Level 12.6 Unarmed Combat


You had 8 spell levels left.
You didn't know any spells.

Dungeon Overview and Level Annotations

Branches:
Dungeon (7/15)             Temple (1/1) D:5             Orc (0/2) D:9

Altars:
Ashenzari
Cheibriados
Dithmenos
Elyvilon
Fedhas
Gozag
Kikubaaqudgha
Nemelex Xobeh
Okawaru
Pakellas
Qazlal
Ru
Sif Muna
Trog
Vehumet
Xom
Zin
The Shining One
Beogh

Shops:
D:5 (


Innate Abilities, Weirdness & Mutations

You are too large for most types of armour.
You have claws for hands.
Your metabolism is lightning-fast.
You like to eat raw meat.
You heal very quickly.
You are covered in fur (AC +1).
You have very tough skin (AC +2).
You are clumsy. (Dex -2)
Your flesh is very cold resistant.
You are dopey. (Int -2)
Potions and wands are less effective at restoring your health.
You expend magic power (3 MP) to strengthen your wands.
Your movements are slightly less encumbered by armour (ER -2).


Message History

You barely miss the orc. You closely miss the orc warrior.
The orc closely misses you. The orc priest barely misses you.
The orc warrior hits you with a mace of holy wrath!
* * * LOW HITPOINT WARNING * * *
You barely miss the phantom. The orc closely misses you.
The orc priest hits you but does no damage.
The orc warrior hits you with a mace of holy wrath!
* * * LOW HITPOINT WARNING * * *
Drink which item? (? for menu, Esc to quit)
You feel very buoyant.
You fly up into the air.
The phantom hits you but does no damage.
The orc hits you but does no damage. The orc priest hits you.
* * * LOW HITPOINT WARNING * * *
The orc completely misses you.
Things that are here:
2 tomahawks; an orc corpse The orc warrior hits you with a mace of holy wrath!
You die...

.....#.(# .....#..###
..⌠..8....#
....oo....#
.$...8oo#.# #
#oo#.###..#
##########oWo.....)#
#.........o(..####.##
### ##.#####....@..#
... ..# #..#
#..<....../.... #.#
#.##
#.......#.##.#.###.#
#.# ##..........
#..##.# #.#
#.......#.##.#..##.#
#.#
#.......#.##.#..##.#
#.#
#.......#..........#
#>#
#.......#######.####
#.# #.#


You could see a phantom, an orc warrior, an orc priest and 7 orcs.

Vanquished Creatures
  Grinder (D:5)
  A wyvern (D:7)
  A water moccasin (D:5)
  A sky beast (D:6)
  3 orc warriors
  A black bear (D:7)
  A phantom (D:6)
  An ice beast (D:9)
  6 ogres
  A centaur (D:5)
  A giant frog (D:6)
  3 scorpions
  3 wights (D:5)
  2 howler monkeys
  3 crimson imps
  3 orc priests
  3 hounds
  2 jellies (D:6)
  3 orc wizards (D:4)
  Ijyb (D:2)
  3 worker ants
  A hound skeleton (D:5)
  11 adders
  3 gnolls (D:6)
  A shadow imp (D:5)
  2 oozes
  An adder zombie (D:5)
  A worm (D:2)
  3 dart slugs
  8 giant geckos
  29 orcs
  A ball python (D:3)
  9 bats
  9 giant cockroaches
  8 hobgoblins
  2 jackals (D:5)
  4 quokkas
  A giant gecko skeleton (D:5)
  6 giant newts
  10 goblins
  2 kobolds
  A quokka skeleton (D:4)
  7 rats
164 creatures vanquished.

Vanquished Creatures (others)
  An orange crystal statue (D:7)
  A goblin (D:2)
2 creatures vanquished.

Grand Total: 166 creatures vanquished

Notes
Turn   | Place    | Note
--------------------------------------------------------------
     0 | D:1      | Flavorfulsole the Troll Monk began the quest for the Orb.
     0 | D:1      | Reached XP level 1. HP: 22/22 MP: 0/0
   277 | D:1      | Reached XP level 2. HP: 29/29 MP: 1/1
   682 | D:2      | Noticed Ijyb
   697 | D:2      | Killed Ijyb
   697 | D:2      | Reached XP level 3. HP: 9/36 MP: 2/2
   965 | D:2      | Reached XP level 4. HP: 43/44 MP: 3/3
  1101 | D:2      | Found an iron altar of Okawaru.
  1109 | D:2      | Became a worshipper of Warmaster Okawaru
  1109 | D:2      | Reached * piety under Okawaru
  1109 | D:2      | Reached ** piety under Okawaru
  1384 | D:3      | Gained mutation: You expend magic power (3 MP) to strengthen your wands. [potion of mutation]
  1384 | D:3      | Gained mutation: Your movements are slightly less encumbered by armour (ER -2). [potion of mutation]
  1384 | D:3      | Gained mutation: Your flesh is cold resistant. [potion of mutation]
  2196 | D:3      | Reached XP level 5. HP: 49/50 MP: 4/4
  2587 | D:4      | Reached skill level 5 in Unarmed Combat
  2781 | D:4      | Found a shadowy altar of Dithmenos.
  2895 | D:4      | Reached XP level 6. HP: 7/59 MP: 2/5
  3048 | D:4      | Reached skill level 6 in Unarmed Combat
  3095 | D:4      | Found a sacrificial altar of Ru.
  3537 | D:5      | Entered Level 5 of the Dungeon
  3653 | D:5      | Reached skill level 7 in Unarmed Combat
  3653 | D:5      | Reached XP level 7. HP: 64/66 MP: 6/6
  3657 | D:5      | Found a staircase to the Ecumenical Temple.
  3664 | Temple   | Entered the Ecumenical Temple
  3789 | D:5      | Reached *** piety under Okawaru
  3845 | D:5      | Reached skill level 8 in Unarmed Combat
  3958 | D:5      | Found Riec's Antique Weapon Shoppe.
  4113 | D:5      | Noticed Grinder
  4116 | D:5      | Reached skill level 9 in Unarmed Combat
  4123 | D:5      | Killed Grinder
  4123 | D:5      | Reached **** piety under Okawaru
  4123 | D:5      | Reached XP level 8. HP: 46/74 MP: 7/7
  4258 | D:5      | Reached skill level 10 in Unarmed Combat
  4871 | D:6      | Found a radiant altar of Vehumet.
  5017 | D:6      | Reached skill level 11 in Unarmed Combat
  5202 | D:6      | Gained mutation: Potions and wands are less effective at restoring your health. [mutagenic meat]
  5203 | D:6      | Gained mutation: You are dopey. (Int -2) [mutagenic meat]
  5204 | D:6      | Gained mutation: Your flesh is very cold resistant. [mutagenic meat]
  5205 | D:6      | Gained mutation: You are clumsy. (Dex -2) [mutagenic meat]
  5268 | D:6      | Reached XP level 9. HP: 80/80 MP: 8/8
  5952 | D:7      | Reached skill level 12 in Unarmed Combat
  6037 | D:7      | Found an oddly glowing altar of Pakellas.
  6037 | D:7      | Noticed an orange crystal statue
  6039 | D:7      | Noticed a troll
  6045 | D:7      | Killed an orange crystal statue
  6078 | D:7      | You fall through a shaft for 2 floors!
  6145 | D:9      | Found a roughly hewn altar of Beogh.
  6156 | D:9      | Found a staircase to the Orcish Mines.
  6191 | D:9      | Mangled by an orc warrior

Skill      XL: |  1  2  3  4  5  6  7  8  9 |
---------------+----------------------------+-----
Dodging        | 3 4 |  4.1
Unarmed Combat | 5 7 9 11 12 | 12.6
Fighting       | |  2.7
Stealth        | |  1.3

Action                   |  1- 3 |  4- 6 |  7- 9 || total
-------------------------+-------+-------+-------++-------
Melee: Unarmed           |    84 |   204 |   201 ||   489
       Punch             |     1 |     4 |    11 ||    16
Invok: Heroism           |       |     2 |     3 ||     5
  Use: Scroll            |     4 |     6 |     1 ||    11
       Potion            |     1 |     9 |     5 ||    15
 Stab: Sleeping          |       |     1 |       ||     1
       Distracted        |       |       |     1 ||     1
  Eat: Meat ration       |     1 |     1 |     1 ||     3
       Chunk             |     1 |       |     4 ||     5
       Bread ration      |       |     4 |     1 ||     5
       Royal jelly       |       |     1 |       ||     1
       Pizza             |       |     1 |     1 ||     2
       Fruit             |       |     1 |     7 ||     8
       Beef jerky        |       |       |     2 ||     2
Armor: Robe              |    53 |    79 |    67 ||   199
Dodge: Dodged            |    84 |   142 |   107 ||   333
Block: Other             |     3 |    44 |     4 ||    51
       Reflection        |     1 |     1 |       ||     2
